 Dungeon Sprint DCSS version 0.31-a0-408-gb642c7f9a3 (webtiles) character file.

Game seed: 13024347808627731212

12 rocky1 the Ruffian (level 2, -3/26 HPs)
             Began as a Naga Shapeshifter on July 30, 2023.
             Was an Initiate of Cheibriados.
             Succumbed to an adder's poison
             ... while paralysed by a floating eye
             ... in the Dungeon (Sprint VII: "The Pits").
             The game lasted 00:00:56 (84 turns).

rocky1 the Ruffian (Naga Shapeshifter)                Turns: 84, Time: 00:00:56

Health: -3/26      AC:  1    Str: 18    XL:     2   Next: 33%
Magic:  2/2        EV:  1    Int:  9    God:    Cheibriados [......]
Gold:   0          SH:  0    Dex: 12    Spells: 1/1 levels left

rFire   . .          .
                       - Unarmed
rCold   . . .        (no shield)
rNeg    . . .        a - +0 animal skin
rPois   +            (helmet currently unavailable)
rElec   .            (cloak currently unavailable)
rCorr   .            (gloves currently unavailable)
SInv    +            (no barding)
Will    .....        (no amulet)
Stlth   +            (no ring)
HPRegen 0.24/turn    (no ring)
MPRegen 0.08/turn

%: no teleportation
@: paralysed, lethally poisoned (-3 -> -23), beast-form, very slow
A: beast (slay +2), AC +0, large, see invisible, deformed body, poison
resistance, slowness 2, spit poison 1, naga tail 1
a: Spit Poison, Begin Untransformation, Renounce Religion


You were in the Dungeon.
You worshipped Cheibriados.
Cheibriados was noncommittal.
You were a hulking beast.
You visited 1 branch

Inventory:

Armour
 a - a +0 animal skin (worn)
Talismans
 c - a beast talisman
Scrolls
 i - a scroll of blinking
 k - 5 scrolls of amnesia
 l - a scroll of summoning
Potions
 b - a potion of lignification
 d - a potion of curing
 e - a potion of heal wounds
 f - a potion of haste
 g - 4 potions of magic
 h - 3 potions of berserk rage
 j - 2 potions of invisibility


   Skills:
 + Level 2.3 Fighting
 + Level 2.3 Dodging
 * Level 3.8 Unarmed Combat
 + Level 3.5 Shapeshifting


You had one spell level left.
You didn't know any spells.
Your spell library was empty.

Dungeon Overview and Level Annotations

Branches:
Dungeon (1/1)

Altars:
Ashenzari
Cheibriados
Dithmenos
Elyvilon
Fedhas
Gozag
Hepliaklqana
Kikubaaqudgha
Makhleb
Nemelex Xobeh
Okawaru
Qazlal
Ru
Sif Muna
Trog
Uskayaw
Vehumet
Wu Jian
Xom
Yredelemnul
Zin
The Shining One
Jiyva
Lugonu


Innate Abilities, Weirdness & Mutations

You are a hulking beast.
Your limbs bulge with bestial killing power. (Slay +2)
Your serpentine skin is tough. (AC +0)
You have supernaturally acute eyesight. (SInv)
Armour fits poorly on your strangely shaped body.
Your system is resistant to poisons. (rPois)
You cover ground very slowly.
You can spit poison.
You have a snake-like lower body.


Message History

There is an open door here.
You hit the endoplasm.
The endoplasm is almost dead.
The orc shouts!
The endoplasm closely misses you.
You punch the endoplasm!
You kill the endoplasm!
Cheibriados appreciates the change of pace.
The orc barely misses you.
You hit the orc.
The orc is lightly wounded.
The orc closely misses you.
You punch the orc!
You kill the orc!
Cheibriados appreciates the change of pace.
No target in view!
You open the door.
An adder and a scorpion come into view.
A floating eye comes into view.
The floating eye turns its gaze towards you.
The scorpion stings you. The adder barely misses you.
The floating eye's stare focuses on you.
The scorpion stings you. The adder bites you.
There is an open door here.
You barely miss the scorpion. The adder bites you but does no damage.
The scorpion stings you.
You are poisoned.
The scorpion poisons you!
The floating eye gazes piercingly through you!
You suddenly lose the ability to move!
The adder bites you.
You are lethally poisoned!
The adder poisons you!
You feel very sick. The scorpion stings you.
The floating eye's stare focuses on you.
The adder bites you.
You are more poisoned.
The adder poisons you! The scorpion stings you!
* * * LOW HITPOINT WARNING * * *
You die...

#_________.#
#_______...###########
##########'##.........
#.?(.')))'.##......#..
##########.##.........
#...........'.........
#+#####'#####......#..
#.S#).# #.........
#.sh..# ####'#####
#.G#### #.......# #..
#.......# #..
#.......# ##+
#...<...# #.......#
#.......# #.......#
#########


You could see a scorpion, a floating eye (charged) and an adder.

Vanquished Creatures
  An adder (D)
  An orc (D)
  An endoplasm (D)
3 creatures vanquished.

Notes
Turn   | Place    | Note
-------+----------+-------------------------------------------
     0 | D        | rocky1 the Naga Shapeshifter began the quest for the Orb.
     0 | D        | Reached XP level 1. HP: 18/18 MP: 1/1
    16 | D        | Reached XP level 2. HP: 24/26 MP: 2/2
    19 | D        | Found a bloodstained altar of Trog.
    19 | D        | Found a shimmering blue altar of Sif Muna.
    19 | D        | Found a viscous altar of Jiyva.
    19 | D        | Found a hazy altar of Hepliaklqana.
    19 | D        | Found an opulent altar of Gozag.
    42 | D        | Found a glowing golden altar of the Shining One.
    42 | D        | Found a glowing silver altar of Zin.
    42 | D        | Found a basalt altar of Yredelemnul.
    42 | D        | Found a shimmering altar of Xom.
    42 | D        | Found an ornate altar of the Wu Jian Council.
    42 | D        | Found a sacrificial altar of Ru.
    42 | D        | Found a stormy altar of Qazlal.
    42 | D        | Found an iron altar of Okawaru.
    42 | D        | Found a sparkling altar of Nemelex Xobeh.
    42 | D        | Found a burning altar of Makhleb.
    42 | D        | Found a blossoming altar of Fedhas.
    42 | D        | Found a white marble altar of Elyvilon.
    42 | D        | Found a shadowy altar of Dithmenos.
    42 | D        | Found a snail-covered altar of Cheibriados.
    45 | D        | Found a corrupted altar of Lugonu.
    45 | D        | Found a radiant altar of Vehumet.
    46 | D        | Found an ancient bone altar of Kikubaaqudgha.
    46 | D        | Found a hide-covered altar of Uskayaw.
    46 | D        | Found a broken altar of Ashenzari.
    57 | D        | Became a worshipper of Cheibriados the Contemplative
    80 | D        | Noticed a scorpion
    81 | D        | Noticed a floating eye
    82 | D        | Paralysed by a floating eye for 2 turns
    83 | D        | HP: 1/26 [scorpion (7)]
    84 | D        | Succumbed to an adder's poison

Illustrated notes

Levels and vault maps discovered:
D:        pitsprint [storerooms_1, entrance_room_1, metal_vault_7, armoury_3,
          mini_pit_1, grid_room_1, main_hall_1, silver_pit, the_coven_2,
          the_vestibule_1, steel_vault_5, golden_pit, hallway_of_sentries,
          crystal_vault_2, iron_vault_2, final_vault]

Skill      XL: |  1 |
---------------+----+-----
Fighting       | 2 |  2.3
Dodging        | 2 |  2.3
Unarmed Combat | |  3.8
Shapeshifting  | |  3.5

Action                     || total
---------------------------++-------
  Melee: Unarmed           ||     7
 Armour: Animal skin       ||     1
  Dodge: Dodged            ||     7

Table legend: (Time is in decaauts)
 A = Elapsed time spent in this place.
 B = Non-inter-level travel time spent in this place.
 C = Inter-level travel time spent in this place.
 D = Time resting spent in this place.
 E = Time spent auto-exploring this place.
 F = Levels seen in this place.
 G = Mean time per level.
                   A        B        C        D        E       F      G
               +--------+--------+--------+--------+--------+-----+--------+
         Total |    117 |    117 |      0 |      0 |      0 |   1 |  117.0 |
       Dungeon |    117 |    117 |      0 |      0 |      0 |   1 |  117.0 |
               +--------+--------+--------+--------+--------+-----+--------+

Top non-repeatable levels by time:
       D: 117 daAuts
